 Dungeon Crawl Stone Soup version 0.31-a0-175-g9f7f995f2b (webtiles) character file.

Game seed: 4491909278141734404

321 qw the Chopper (level 6, -3/38 HPs)
             Began as a Gargoyle Fighter on June 17, 2023.
             Slain by a gnoll
             ... wielding a +0 halberd
              (9 damage)
             ... on level 4 of the Dungeon.
             The game lasted 00:01:09 (2953 turns).

qw the Chopper (Gargoyle Fighter)                   Turns: 2953, Time: 00:01:10

Health: -3/38      AC: 26    Str: 22    XL:     6   Next: 46%
Magic:  1/6        EV:  9    Int:  8    God:
Gold:   162        SH:  4    Dex:  9    Spells: 5/5 levels left

rFire   . . .        Y - +0 war axe (protect)
rCold   . . .        c - +0 buckler
rNeg    + . .        b - +0 scale mail
rPois   inf          (no helmet)
rElec   +            (no cloak)
rCorr   .            a - +2 pair of gloves {infuse}
SInv    .            s - +0 pair of boots
Will    .....        (no amulet) Stlth
                     i - +4 ring of protection
HPRegen 0.26/turn    (no ring)
MPRegen 0.10/turn

%: infuse magic (1 MP)
@: about to teleport, under a protective aura
A: sickness immunity, AC +4, negative energy resistance 1, electricity
resistance, torment resistance 1, petrification resistance
a: no special abilities


You were on level 4 of the Dungeon.
You visited 1 branch of the dungeon, and saw 4 of its levels.

You collected 162 gold pieces.


Innate Abilities, Weirdness & Mutations

You are immune to sickness and miasma.
Your stone body is resilient. (AC +4)
You are immune to poison.
You resist negative energy. (rN+)
You are resistant to electric shocks. (rElec)
You are resistant to unholy torment.
You are immune to petrification.


   Skills:
 - Level 4.0 Fighting
 - Level 5.4 Axes
 - Level 1.0 Throwing
 - Level 3.2 Armour
 + Level 0.7 Dodging
 - Level 3.2 Shields


You had 5 spell levels left.
You didn't know any spells.
Your spell library was empty.

Inventory:

Hand Weapons
 f - a +0 mace
 Y - a +0 war axe of protection (weapon)
Missiles
 p - a boomerang
 q - 2 javelins (quivered)
Armour
 a - a +2 pair of gloves of infusion (worn)
 b - a +0 scale mail (worn)
 c - a +0 buckler (worn)
 s - a +0 pair of boots (worn)
Jewellery
 i - a +4 ring of protection (left hand)
Scrolls
 k - a scroll of identify
Potions
 d - a potion of might
 e - a potion of resistance {unknown}
 g - a potion of ambrosia {unknown}
 l - a potion of heal wounds {unknown}
 n - a potion of curing
 o - a potion of cancellation

Dungeon Overview and Level Annotations

Branches:
Dungeon (4/15)
 Temple: D:4-7

Altars:
Gozag


Message History

You barely miss the gnoll.
The gnoll is almost dead.
You slash the kobold!
You kill the kobold!
The gnoll hits you but does no damage. The gnoll barely misses you.
The gnoll closely misses you.
You barely miss the gnoll.
The gnoll is almost dead.
You block the gnoll's attack. The gnoll closely misses you.
The gnoll hits you but does no damage.
You closely miss the gnoll.
The gnoll is severely wounded.
The gnoll barely misses you. The gnoll misses you.
The gnoll hits you but does no damage.
You completely miss the gnoll.
The gnoll is severely wounded.
The gnoll hits you with a +0 flail. The gnoll hits you but does no damage.
The gnoll closely misses you. The gnoll barely misses you. x2
The gnoll hits you from afar with a +0 spear.
You closely miss the gnoll.
The gnoll is severely wounded.
The gnoll hits you with a +0 flail.
The gnoll hits you but does no damage. x2
You closely miss the gnoll.
The gnoll is severely wounded.
The gnoll hits you but does no damage. x2; The gnoll barely misses you.
You barely miss the gnoll.
The gnoll is severely wounded.
The gnoll hits you with a +0 flail. You block the gnoll's attack.
The gnoll hits you but does no damage.
2952 ||| READING scroll of teleportation.
As you read the scroll of teleportation, it crumbles to dust.
You feel strangely unstable. The gnoll hits you but does no damage.
The gnoll barely misses you. The gnoll closely misses you.
You slash the gnoll!
Your weapon exudes an aura of protection.
You kill the gnoll!
You block the gnoll's attack.
The gnoll hits you from afar with a +0 halberd!
You die...

###.. .....#
....# ...#
#####..#
#.....#####+
#...........
#..<))...#
#...@)g..#
#........#
#....g...#
#.########...
#. .. # .


You could see 2 gnolls.

Vanquished Creatures
  A water moccasin (D:3)
  A scorpion (D:3)
  An orc priest (D:3)
  2 gnolls (D:4)
  2 adders (D:3)
  An ufetubus (D:3)
  2 worms (D:2)
  4 dart slugs
  2 orcs (D:3)
  9 ball pythons
  10 endoplasms
  A giant cockroach (D:1)
  3 goblins
  6 hobgoblins
  4 jackals (D:1)
  7 kobolds
  2 quokkas (D:3)
  7 bats
  2 frilled lizards
  3 rats
70 creatures vanquished.

Notes
Turn   | Place    | Note
-------+----------+-------------------------------------------
     0 | D:1      | qw the Gargoyle Fighter began the quest for the Orb.
     0 | D:1      | Reached XP level 1. HP: 14/14 MP: 1/1
     0 | D:1      | 0 ||| qw: Version: 0.3-a-2-g5ab2908
     0 | D:1      | 0 ||| qw: Game counter: 280
     0 | D:1      | 0 ||| qw: Always use a shield: true
     0 | D:1      | 0 ||| qw: God list: Okawaru
     0 | D:1      | 0 ||| qw: Allow faded altars: false
     0 | D:1      | 0 ||| qw: Do Orc after D:15 true
     0 | D:1      | 0 ||| qw: Do second Lair branch before Depths: true
     0 | D:1      | 0 ||| qw: Lair rune preference: random
     0 | D:1      | 0 ||| qw: Plans: Normal, Zot:1-4, Slime:5, God:TSO, Crypt,
                  | Tomb, Abyss, Pan, Hells, Win
     0 | D:1      | 0 ||| PLANNING D:1-11
    78 | D:1      | Reached skill level 2 in Axes
   131 | D:1      | 131 ||| Stepping ~*~*~tactically~*~*~ (hiding).
   144 | D:1      | Reached XP level 2. HP: 19/19 MP: 2/2
   512 | D:1      | 512 ||| FLEEEEING.
   513 | D:1      | 513 ||| FLEEEEING.
   603 | D:1      | 603 ||| Stepping ~*~*~tactically~*~*~ (hiding).
   612 | D:1      | Reached skill level 3 in Axes
   727 | D:1      | 727 ||| Stepping ~*~*~tactically~*~*~ (stealth).
   729 | D:1      | 729 ||| Stepping ~*~*~tactically~*~*~ (stealth).
   732 | D:1      | Reached XP level 3. HP: 23/23 MP: 3/3
   732 | D:1      | 732 ||| Stepping ~*~*~tactically~*~*~ (stealth).
   743 | D:1      | 743 ||| FLEEEEING.
   750 | D:1      | Reached skill level 1 in Throwing
  1097 | D:1      | 1097 ||| DROPPING +6 ring of intelligence.
  1098 | D:1      | 1098 ||| UPGRADING to +4 ring of protection.
  1099 | D:1      | 1099 ||| READING scroll labelled XIMPOE IVAFFU.
  1099 | D:1      | Identified a scroll of acquirement
  1099 | D:1      | 1099 ||| ACQUIRING +2 pair of gloves of infusion
  1099 | D:1      | Acquired a +2 pair of gloves of infusion
  1101 | D:1      | 1101 ||| UPGRADING to +2 pair of gloves of infusion.
  1106 | D:1      | 1106 ||| READING scroll labelled SOONIELLOZ.
  1107 | D:1      | 1107 ||| READING scroll labelled JYVIOHO SUNLI.
  1189 | D:2      | 1189 ||| Stepping ~*~*~tactically~*~*~ (hiding).
  1326 | D:2      | 1326 ||| DROPPING +0 club.
  1399 | D:2      | Found a faded altar of an unknown god.
  1402 | D:2      | 1402 ||| Stepping ~*~*~tactically~*~*~ (stealth).
  1403 | D:2      | 1403 ||| Stepping ~*~*~tactically~*~*~ (stealth).
  1404 | D:2      | 1404 ||| Stepping ~*~*~tactically~*~*~ (stealth).
  1526 | D:2      | Reached XP level 4. HP: 28/28 MP: 4/4
  1811 | D:2      | 1811 ||| READING scroll labelled GOILYA DAGIHOTHRIF.
  1854 | D:3      | Reached skill level 4 in Axes
  1898 | D:3      | 1898 ||| DROPPING +0 whip.
  1950 | D:3      | Found an opulent altar of Gozag.
  2032 | D:3      | 2032 ||| Stepping ~*~*~tactically~*~*~ (stealth).
  2033 | D:3      | 2033 ||| Stepping ~*~*~tactically~*~*~ (stealth).
  2034 | D:3      | 2034 ||| Stepping ~*~*~tactically~*~*~ (stealth).
  2036 | D:3      | 2036 ||| Stepping ~*~*~tactically~*~*~ (hiding).
  2038 | D:3      | 2038 ||| Stepping ~*~*~tactically~*~*~ (hiding).
  2039 | D:3      | 2039 ||| Stepping ~*~*~tactically~*~*~ (hiding).
  2301 | D:3      | Noticed a scorpion
  2302 | D:3      | 2302 ||| Stepping ~*~*~tactically~*~*~ (hiding).
  2307 | D:3      | Reached XP level 5. HP: 32/32 MP: 3/5
  2336 | D:3      | 2336 ||| Stepping ~*~*~tactically~*~*~ (stealth).
  2353 | D:3      | Noticed a water moccasin
  2354 | D:3      | 2354 ||| Stepping ~*~*~tactically~*~*~ (stealth).
  2365 | D:3      | Killed a water moccasin
  2366 | D:3      | Reached skill level 5 in Axes
  2366 | D:3      | Reached XP level 6. HP: 25/37 MP: 0/6
  2657 | D:3      | 2657 ||| Stepping ~*~*~tactically~*~*~ (hiding).
  2877 | D:3      | 2877 ||| DROPPING scarf of invisibility.
  2878 | D:3      | 2878 ||| UPGRADING to +0 pair of boots.
  2883 | D:3      | 2883 ||| DROPPING orb of guile.
  2884 | D:3      | 2884 ||| READING scroll labelled IHUSCHI ISEDUGG.
  2885 | D:3      | 2885 ||| READING scroll labelled EDIMAL MIRREUN.
  2886 | D:3      | 2886 ||| READING scroll labelled LIANAR DUMIU.
  2887 | D:3      | 2887 ||| DRINKING 2 bubbling purple potions.
  2888 | D:3      | 2888 ||| DRINKING 2 murky blue potions.
  2934 | D:4      | 2934 ||| PLANNING OSSUARY
  2951 | D:4      | HP: 5/38 [gnoll/+0 flail (6)]
  2952 | D:4      | 2952 ||| READING scroll of teleportation.
  2953 | D:4      | Slain by a gnoll

Levels and vault maps discovered:
D:1:      erik_arrival_orb_chamber, layout_basic,
          hangedman_decor_clover_reticule
D:2:      layout_loops_cross, basic_ecumenical_altar,
          hangedman_decor_peaks_small
D:3:      minmay_angry_zag, layout_loops_cross, mainiacjoe_overflow_24_doors,
          minmay_misc_feat_four_crosses, serial_bayou_pond_e,
          kennysheep_generic_room_12
D:4:      layout_gridville, fedhas_ov_isle_minmay, gup_ossuary_entry_pyramid,
          kennysheep_generic_room_3, uniq_sigmund

Skill      XL: |  1  2  3  4  5  6 |
---------------+-------------------+-----
Axes           | 2 3 4 5 |  5.4
Throwing       | 1 |  1.0
Fighting       | 4 |  4.0
Armour         | |  3.2
Dodging        | |  0.7
Shields        | |  3.2

Action                     |  1- 3 |  4- 6 || total
---------------------------+-------+-------++-------
  Melee: War axe           |    65 |    73 ||   138
  Throw: Javelin           |    30 |    15 ||    45
         Boomerang         |       |    13 ||    13
    Use: Scroll            |     3 |     5 ||     8
         Potion            |       |     2 ||     2
 Armour: Scale mail        |    38 |    75 ||   113
  Dodge: Dodged            |    41 |    59 ||   100
  Block: Buckler           |     9 |    23 ||    32

Table legend:
 A = Non-vault XP
 B = Vault XP
 C = Vault XP percentage of total XP
 D = Non-vault monster count
 E = Vault monster count
 F = Vault count percentage of total count
                 A         B        C        D         E       F
            +---------+---------+-------+---------+---------+-------
      Total |     446 |      26 |   5.5 |      62 |       8 |  11.4
            +---------+---------+-------+---------+---------+-------
        D:1 |      53 |       0 |   0.0 |      26 |       0 |   0.0
        D:2 |      34 |       0 |   0.0 |      17 |       0 |   0.0
        D:3 |     330 |      26 |   7.3 |      16 |       8 |  33.3
        D:4 |      29 |       0 |   0.0 |       3 |       0 |   0.0
            +---------+---------+-------+---------+---------+-------
